AoeStats
← A V I C I I

Arabia

509037875Analyzed
1v1 RM · 8d ago on Sep 25, 2026· 18m 9s· 2 players
Game mode
Random Map
Map size
Tiny (2 player)
Population
200
Speed
Normal
Resources
Standard
Victory
Conquest
Starting age
Dark Age
Ending age
Imperial Age
RankedLock teamsTeams togetherTeam positionsShared explorationLock speedFull tech treeHidden civsTurbo modeCheats
Victory
Defeat
🇬🇹 Danes · Guatemala
1648
+18
🇨🇱 Danes · Chile
1641
-16
A V I C I I
6:30 Loom
8:53 Feudal Age
9:40 Double-Bit Axe
11:42 Town Watch
14:13 Fletching
ZealoT
6:20 Loom
8:54 Feudal Age
8:58 Man-at-Arms
9:27 Double-Bit Axe
10:45 Horse Collar
18:03 Castle Age
16:33 Fletching
18:07 Padded Archer Armor
Connection lost

Rejoining the realm…

Still unreachable

The connection could not be restored.

Session expired

The server has moved on; the page needs a fresh start.